 Dungeon Crawl Stone Soup version 0.29.0-11-gd7f09526c8 (webtiles) character file.

Game seed: 3947257953558832377

50416 Arum the Protected (level 14, -5/121 HPs)
             Began as a Formicid Fighter on Sept 2, 2022.
             Was a High Priest of Okawaru.
             Slain by a 17-headed hydra (6 damage)
             ... on level 15 of the Dungeon.
             The game lasted 00:30:34 (19301 turns).

Arum the Protected (Formicid Fighter)              Turns: 19301, Time: 00:30:35

Health: -5/121     AC: 29    Str: 27    XL:     14   Next: 97%
Magic:  6/6        EV:  5    Int:  7    God:    Okawaru [*****.]
Gold:   520        SH: 13    Dex: 11    Spells: 13/13 levels left

rFire   + . .      SeeInvis +   L - +0 lajatang (antimagic)
rCold   + + +      Faith    .   g - +2 kite shield {AC+3}
rNeg    + . .      Spirit   .   n - +1 gold dragon scales
rPois   +          Reflect  .   (helmet unavailable)
rElec   +          Harm     .   y - scarf {shadows}
rCorr   +          Rampage  .   r - +1 pair of gloves of the Dungeon {rCorr Str+2 Int-2 Slay+2}
Will    +....                   l - +1 pair of boots of Time Monsters {rElec rC++ Dex-2}
Stlth   ..........              t - amulet of magic regeneration
HPRegen 0.30/turn               w - ring of resist corrosion
MPRegen 0.50/turn               F - ring of positive energy

@: no status effects
A: permanent stasis, dig shafts and tunnels, antennae 3, four strong arms
a: Dig, Shaft Self, Renounce Religion, Heroism, Finesse, Duel


You were on level 15 of the Dungeon.
You worshipped Okawaru.
Okawaru was extremely pleased with you.
You visited 2 branches of the dungeon, and saw 16 of its levels.

You collected 1142 gold pieces.
You spent 622 gold pieces at shops.

Inventory:

Hand Weapons
 a - a +0 quarterstaff
 f - a +4 vorpal quarterstaff
 J - a +1 quarterstaff of draining
 L - a +0 antimagic lajatang (weapon)
Missiles
 c - 2 throwing nets
Armour
 g - a +2 kite shield of protection (worn)
 l - the +1 pair of boots of Time Monsters (worn) {rElec rC++ Dex-2}
   (Okawaru gifted it to you on level 12 of the Dungeon)

   Dex:       It affects your dexterity (-2).
   rC:        It greatly protects you from cold.
   rElec:     It insulates you from electricity.
 n - +1 gold dragon scales (worn)
 r - the +1 pair of gloves of the Dungeon (worn) {rCorr Str+2 Int-2 Slay+2}
   (You bought it in a shop on level 8 of the Dungeon)

   Str:       It affects your strength (+2).
   Int:       It affects your intelligence (-2).
   Slay:      It affects your accuracy & damage with ranged weapons and melee
   (+2).
   rCorr:     It protects you from acid and corrosion.
 y - a scarf of shadows (worn)
 H - the +0 pair of boots "Xulibim" {rC+ rN+ SInv}
   (Okawaru gifted it to you on level 14 of the Dungeon)

   rC:        It protects you from cold.
   rN:        It protects you from negative energy.
   SInv:      It lets you see invisible.
Jewellery
 t - an amulet of magic regeneration (around neck)
 u - a ring of magical power
 w - a ring of resist corrosion (left hand)
 E - a ring of flight
 F - a ring of positive energy (right hand)
 G - a +4 ring of protection
Wands
 h - a wand of polymorph (8)
 m - a wand of iceblast (10)
 s - a wand of digging (1)
 D - a wand of quicksilver (7)
 I - a wand of flame (49)
 K - a wand of mindburst (7)
Scrolls
 b - 2 scrolls of poison
 j - 3 scrolls of magic mapping
 k - a scroll of immolation
 x - a scroll of torment
 B - 2 scrolls of identify
 C - 2 scrolls of fear
Potions
 d - a potion of cancellation
 e - 2 potions of ambrosia
 i - 2 potions of curing
 o - 4 potions of attraction
 p - 4 potions of magic
 q - 7 potions of flight
 v - 2 potions of heal wounds
 z - 3 potions of lignification
 A - a potion of invisibility


   Skills:
 + Level 14.7 Fighting
 + Level 13.5 Staves
 + Level 14.8 Armour
 - Level 11.2 Shields
 - Level 8.0 Invocations


You had 13 spell levels left.
You didn't know any spells.
Your spell library contained the following spells:

 Spells                   Type           Power      Damage    Failure   Level
 Magic Dart               Conj           0%         1d3       100%        1
 Slow                     Hex            0%         N/A       100%        1
 Confusing Touch          Hex            0%         N/A       100%        3
 Mephitic Cloud           Conj/Pois/Air  0%         N/A       100%        3
 Vampiric Draining        Necr           0%         2d6       100%        3
 Airstrike                Air            0%         2d(0-16)  100%        4
 Blade Hands              Tmut           0%         N/A       100%        5
 Lightning Bolt           Conj/Air       0%         1d11      100%        5
 Iron Shot                Conj/Erth      0%         9d1       100%        6
 Orb of Destruction       Conj           0%         9d5       100%        7
 Call Imp                 Summ           Unusable   N/A       N/A         2
 Summon Guardian Golem    Hex/Summ       Unusable   N/A       N/A         3
 Animate Armour           Summ/Erth      Unusable   N/A       N/A         4
 Summon Lightning Spire   Summ/Air       Unusable   N/A       N/A         4
 Spellforged Servitor     Conj/Summ      Unusable   N/A       N/A         7

Dungeon Overview and Level Annotations

Branches:
Dungeon (15/15)            Temple (1/1) D:4            Lair (0/5) D:11
    Orc (0/2) D:11         Vaults (0/5) D:14
 Depths: D:15

Altars:
Ashenzari
Cheibriados
Dithmenos
Elyvilon
Fedhas
Gozag
Hepliaklqana
Kikubaaqudgha
Makhleb
Nemelex Xobeh
Okawaru
Qazlal
Ru
Sif Muna
Trog
Uskayaw
Vehumet
Wu Jian
Xom
Yredelemnul
Zin
The Shining One

Shops:
D:5 [   D:8 [   D:9 [   D:13 *

Annotations:
D:10 1 runed translucent door, heinrich's ghost, journeyman VSBr
D:13 3 runed translucent doors


Innate Abilities, Weirdness & Mutations

You cannot be hasted, slowed, berserked, paralysed or teleported.
You can dig through walls and to a lower floor.
You have a pair of large antennae on your head. (SInv)
Your four strong arms can wield two-handed weapons with a shield.


Message History

The 15-headed hydra is almost dead.
The 15-headed hydra bites you but does no damage. x2
The 15-headed hydra bites you. The 15-headed hydra barely misses you.
The 15-headed hydra bites you. You block the 15-headed hydra's attack.
The 15-headed hydra bites you but does no damage.
The 15-headed hydra bites you!
* * * LOW HITPOINT WARNING * * *
You block the 15-headed hydra's attack.
The 15-headed hydra bites you but does no damage.
The 15-headed hydra bites you!
* * * LOW HITPOINT WARNING * * *
The 15-headed hydra bites you but does no damage.
The 15-headed hydra bites you.
* * * LOW HITPOINT WARNING * * *
The 15-headed hydra bites you but does no damage. x2
The cyan ugly thing basks in the mutagenic energy from its kin and changes!
You lop one of the 15-headed hydra's heads off!
The 14-headed hydra grows two more!
You slash the 16-headed hydra!
The 16-headed hydra is almost dead.
The 16-headed hydra bites you but does no damage. x5
You block the 16-headed hydra's attack. x2; The 16-headed hydra bites you!
* * * LOW HITPOINT WARNING * * *
The 16-headed hydra bites you but does no damage. x4
You block the 16-headed hydra's attack.
The 16-headed hydra bites you but does no damage.
The 16-headed hydra barely misses you. You block the 16-headed hydra's attack.
Unknown command.
Unknown command.
You lop one of the 16-headed hydra's heads off!
The 15-headed hydra grows two more!
You hit the 17-headed hydra.
The 17-headed hydra is severely wounded.
The 17-headed hydra bites you.
* * * LOW HITPOINT WARNING * * *
The 17-headed hydra bites you but does no damage.
You block the 17-headed hydra's attack.
The 17-headed hydra bites you but does no damage. x2
You block the 17-headed hydra's attack.
The 17-headed hydra bites you but does no damage.
The 17-headed hydra bites you.
You die...

. .. ## ...##.
..... { { #..###
#...## { ###.{#
##u####### .#
#uD@...[#####
#.#
#######.....##..
#####.#.. #.#.#
#.#.# ## #...#
... ##..#..#
##..[.# ##...###


You could see a 17-headed hydra and 2 ugly things.

Vanquished Creatures
  Gastronok (D:11)
  Kirke (D:13)
  Agnes (D:15)
  3 boulder beetles
  4 vault guards (D:14)
  7 hydras
  5 centaur warriors
  6 two-headed ogres
  6 tengu warriors
  Nergalle (D:12)
  A harpy (shapeshifter) (D:15)
  Pikel (D:6)
  3 deep elf pyromancers
  5 cyclopes
  3 manticores
  15 ugly things
  A gargoyle (D:10)
  Psyche (D:8)
  5 rime drakes (D:15)
  An unseen horror (D:11)
  2 efreet
  2 komodo dragons (D:11)
  2 kobold demonologists
  A tengu conjurer (D:14)
  5 trolls
  A hornet (D:8)
  5 slime creatures (D:12)
  A centaur simulacrum (D:15)
  3 wraiths
  5 shadows
  10 yaks
  11 wyverns
  A hog (D:13)
  3 humans (D:13)
  A steam dragon (D:9)
  6 vampire mosquitoes
  5 basilisks
  Edmund (D:6)
  3 hell hounds (D:15)
  A water moccasin (D:9)
  4 acid dragons
  Duvessa (D:6)
  2 black bears
  An ice beast (D:6)
  2 sky beasts
  An ogre (D:6)
  7 centaurs
  A phantom (D:6)
  2 kobold brigands
  6 bullfrogs
  2 scorpions
  8 wights
  Dowan (D:6)
  22 killer bees
  4 howler monkeys
  3 centaur zombies (D:10)
  2 hounds
  4 jellies
  Crazy Yiuf (D:7)
  2 orc priests (D:8)
  6 iguanas
  15 orc wizards
  5 hell rats (D:15)
  Terence (D:3)
  13 adders
  A gnoll (D:5)
  A shadow imp (D:5)
  6 white imps
  3 ufetubi
  3 worms (D:3)
  4 dart slugs
  39 orcs
  2 ball pythons
  14 endoplasms
  7 giant cockroaches
  9 goblins
  6 hobgoblins
  5 jackals
  25 kobolds
  A quokka (D:2)
  2 training dummies (D:6)
  10 bats
  4 frilled lizards
  2 rats
400 creatures vanquished.

Vanquished Creatures (others)
  A bullfrog (D:9)
  An orc priest (D:9)
  A demonic plant (D:5)
  14 fungi
  3 plants (D:10)
  10 toadstools (D:3)
30 creatures vanquished.

Grand Total: 430 creatures vanquished

Notes
Turn   | Place    | Note
-------+----------+-------------------------------------------
     0 | D:1      | Arum the Formicid Fighter began the quest for the Orb.
     0 | D:1      | Reached XP level 1. HP: 18/18 MP: 1/1
   263 | D:1      | Reached XP level 2. HP: 24/24 MP: 2/2
   596 | D:1      | Reached XP level 3. HP: 29/29 MP: 3/3
  1136 | D:2      | Reached XP level 4. HP: 37/37 MP: 4/4
  1884 | D:3      | Noticed Terence
  1896 | D:3      | Killed Terence
  1897 | D:3      | Reached XP level 5. HP: 28/42 MP: 5/5
  2285 | D:3      | Reached skill level 5 in Shields
  2360 | D:3      | Found a faded altar of an unknown god.
  2843 | D:3      | Reached XP level 6. HP: 23/49 MP: 6/6
  3622 | D:4      | Found a sparkling altar of Nemelex Xobeh.
  3642 | D:4      | Found a sacrificial altar of Ru.
  3661 | D:4      | Became a worshipper of Ru the Awakened
  3746 | D:4      | Found a staircase to the Ecumenical Temple.
  3758 | Temple   | Entered the Ecumenical Temple
  3789 | Temple   | Fell from the grace of Ru
  3789 | Temple   | Became a worshipper of Warmaster Okawaru
  4325 | D:5      | Entered Level 5 of the Dungeon
  4341 | D:5      | Reached skill level 5 in Armour
  4341 | D:5      | Reached XP level 7. HP: 55/55 MP: 7/7
  4359 | D:5      | Reached skill level 5 in Fighting
  5270 | D:5      | Found Ethazxem's Antique Armour Shop.
  5273 | D:5      | Bought a pair of embroidered gloves for 195 gold pieces
  5506 | D:6      | Reached XP level 8. HP: 53/63 MP: 8/8
  5579 | D:6      | Noticed Pikel
  5598 | D:6      | Reached * piety under Okawaru
  5607 | D:6      | Killed Pikel
  5608 | D:6      | Reached skill level 5 in Staves
  5747 | D:6      | Noticed Edmund
  5783 | D:6      | Killed Edmund
  5784 | D:6      | Reached XP level 9. HP: 20/71 MP: 9/9
  6396 | D:6      | Reached ** piety under Okawaru
  6578 | D:6      | Noticed Duvessa
  6578 | D:6      | Noticed Dowan
  6589 | D:6      | Killed Duvessa
  6592 | D:6      | Killed Dowan
  7165 | D:7      | Found a bloodstained altar of Trog.
  7207 | D:7      | Found a runed translucent door.
  7208 | D:7      | Noticed Crazy Yiuf
  7214 | D:7      | Killed Crazy Yiuf
  7877 | D:8      | Reached XP level 10. HP: 80/80 MP: 10/10
  8251 | D:8      | Noticed a two-headed ogre
  8275 | D:8      | Killed a two-headed ogre
  8275 | D:8      | Reached *** piety under Okawaru
  8276 | D:8      | Reached skill level 10 in Shields
  8404 | D:8      | Noticed Psyche
  8427 | D:8      | Killed Psyche
  8428 | D:8      | Reached skill level 1 in Invocations
  8643 | D:8      | Reached **** piety under Okawaru
  8674 | D:8      | Found Peast's Armour Emporium.
  8765 | D:8      | You fall into a shaft and drop 1 floor!
  8960 | D:9      | Found Epuck's Antique Armour Shoppe.
  9092 | D:9      | Reached XP level 11. HP: 89/89 MP: 13/13
  9130 | D:9      | Noticed a two-headed ogre
  9150 | D:9      | Killed a two-headed ogre
  9150 | D:9      | Reached ***** piety under Okawaru
  9153 | D:9      | Found a shimmering altar of Xom.
  9418 | D:9      | Found a hazy altar of Hepliaklqana.
  9963 | D:10     | Entered Level 10 of the Dungeon
 10509 | D:10     | Found a glowing silver altar of Zin.
 10509 | D:10     | Found a glowing golden altar of the Shining One.
 10576 | D:10     | Found a runed translucent door.
 10605 | D:10     | Reached skill level 5 in Invocations
 10684 | D:10     | Identified the +3 scale mail "Yxepayro" {Dex+2} (Okawaru
                  | gifted it to you on level 10 of the Dungeon)
 10684 | D:10     | Received a gift from Okawaru
 10722 | D:10     | Reached skill level 10 in Armour
 10869 | D:10     | Reached skill level 10 in Fighting
 11166 | D:10     | Noticed a two-headed ogre
 11176 | D:10     | Killed a two-headed ogre
 11583 | D:10     | Noticed heinrich's ghost (journeyman VSBr)
 11586 | D:10     | Identified the +5 spear of Arum's Slow Death {flame, Int+7}
 11696 | D:8      | Bought the +1 pair of gloves of the Dungeon {rCorr Str+2
                  | Int-2 Slay+2} for 427 gold pieces
 11970 | D:10     | Found a white marble altar of Elyvilon.
 12118 | D:11     | Noticed a two-headed ogre
 12126 | D:11     | Killed a two-headed ogre
 12127 | D:11     | Reached XP level 12. HP: 15/98 MP: 14/16
 12769 | D:11     | Noticed a two-headed ogre
 12779 | D:11     | Killed a two-headed ogre
 12907 | D:11     | Noticed Gastronok
 12925 | D:11     | Killed Gastronok
 13053 | D:11     | Found a staircase to the Orcish Mines.
 13271 | D:11     | Reached skill level 10 in Staves
 13575 | D:11     | Found a staircase to the Lair.
 14070 | D:12     | Identified the +1 pair of boots of Time Monsters {rElec
                  | rC++ Dex-2} (Okawaru gifted it to you on level 12 of the
                  | Dungeon)
 14070 | D:12     | Received a gift from Okawaru
 14190 | D:12     | Noticed Nergalle
 14233 | D:12     | Killed Nergalle
 14608 | D:12     | Noticed a boulder beetle
 14608 | D:12     | Noticed a boulder beetle
 14642 | D:12     | Killed a boulder beetle
 14643 | D:12     | Reached XP level 13. HP: 37/107 MP: 19/19
 14654 | D:12     | Killed a boulder beetle
 14930 | D:12     | Noticed an eight-headed hydra
 14940 | D:12     | Killed an eight-headed hydra
 15596 | D:13     | Found a broken altar of Ashenzari.
 15612 | D:13     | Found a runed translucent gate.
 15613 | D:13     | Found a runed translucent gate.
 15614 | D:13     | Found a runed translucent gate.
 15623 | D:13     | Noticed an ettin
 15623 | D:13     | a goliath frog changed into an ettin
 15741 | D:13     | Noticed a centaur warrior
 15772 | D:13     | Killed a centaur warrior
 15975 | D:13     | Noticed Kirke
 15995 | D:13     | Killed Kirke
 15995 | D:13     | Reached ****** piety under Okawaru
 16206 | D:13     | Found Esmem's General Store.
 16402 | D:14     | Identified the +0 pair of boots "Xulibim" {rC+ rN+ SInv}
                  | (Okawaru gifted it to you on level 14 of the Dungeon)
 16402 | D:14     | Received a gift from Okawaru
 16570 | D:14     | Noticed a centaur warrior
 16584 | D:14     | Killed a centaur warrior
 16974 | D:14     | Noticed a centaur warrior
 16986 | D:14     | Killed a centaur warrior
 17195 | D:14     | Reached XP level 14. HP: 112/116 MP: 20/20
 17617 | D:14     | Found a gate to the Vaults.
 17683 | D:14     | Received a gift from Okawaru
 18698 | D:15     | Entered Level 15 of the Dungeon
 18698 | D:15     | Found a snail-covered altar of Cheibriados.
 18835 | D:15     | Identified the +11 broad axe of Quick Death {drain, rPois}
 18868 | D:15     | Identified the +6 chain mail of Wrong Decisions {rF+ rCorr}
                  | (Okawaru gifted it to you on level 15 of the Dungeon)
 18868 | D:15     | Received a gift from Okawaru
 19132 | D:15     | Noticed Agnes
 19146 | D:15     | Killed Agnes
 19300 | D:15     | HP: 5/121 [16-headed hydra (9)]
 19301 | D:15     | HP: 1/121 [17-headed hydra (5)]
 19301 | D:15     | Slain by a 17-headed hydra

Illustrated notes

Levels and vault maps discovered:
D:1:      minmay_arrival_four_houses, layout_loops_ring,
          chequers_serial_rivers_marsh
D:2:      layout_basic, minmay_tall_x
D:3:      cheibrodos_fertilizer, layout_loops_corners,
          dreamdust_ecumenical_altar_statues, roderic_roman_lattice,
          uniq_terence
D:4:      layout_loops_cross, nemelex_dance_club_becter,
          nicolae_ru_great_annihilating_truth, minmay_temple_entry_water_ring,
          minmay_misc_feat_plants
D:5:      layout_loops_ring, serial_shops, kennysheep_mini_moat, serial_demonic,
          serial_demonic_c, serial_demonic_a, serial_demonic_d,
          serial_demonic_g, st_stairs_5, guppyfry_early_lair_pool
D:6:      dreamdust_elfheim, layout_cave_pools, uniq_pikel, uniq_edmund
D:7:      layout_basic, mainiacjoe_overflow_chevrons,
          chequers_serial_rivers_small_3, uniq_crazy_yiuf_cottage
D:8:      layout_loops_ring, serial_shops, shop, uniq_psyche
D:9:      layout_roguey, nicolae_hepliaklqana_hippocampus, xom_confusion_cloud,
          serial_shops, nicolae_shop_hallway_stairs
D:10:     layout_basic, amcnicky_altar_gilded,
          gammafunk_temple_overflow_elements, serial_undead, serial_undead_e,
          serial_undead_b, serial_undead_c, serial_undead_d,
          ebering_ghost_funeral_grove
D:11:     layout_loops_ring, erik_lair_dragon, orc_0_dummy, uniq_gastronok
D:12:     layout_long_grid, uniq_nergalle
D:13:     layout_loops_ring, ploomutoo_gammafunk_ghost_potion_laboratory,
          serial_shops, shop_coins, evilmike_ruin_ashenzari, uniq_kirke
D:14:     layout_grid_maze, lightli_vaults_fourway_checkpoint,
          minmay_quadrilaterals
D:15:     grunt_enter_depths_magical_seal, layout_rooms, special_room
          [special_room_mythical_zoo], cheibriados_altar_1, uniq_josephine,
          uniq_agnes
Temple:   nicolae_temple_ecumenical_triangle

Skill      XL: |  1  2  3  4  5  6  7  8  9 10 11 12 13 14 |
---------------+-------------------------------------------+-----
Fighting       | 4 5 6 7 9 10 11 13 14 | 14.7
Armour         | 4 5 6 7 9 10 11 13 14 | 14.8
Shields        | 5 6 7 9 10 11 | 11.2
Staves         | 3 4 5 6 8 9 10 12 13 | 13.5
Invocations    | 3 6 8 |  8.0

Action                   |  1- 3 |  4- 6 |  7- 9 | 10-12 | 13-15 || total
-------------------------+-------+-------+-------+-------+-------++-------
Melee: Quarterstaff      |    81 |   223 |   322 |   569 |   512 ||  1707
       Lajatang          |       |       |       |       |    40 ||    40
Invok: Heroism           |       |       |     3 |     8 |    10 ||    21
       Finesse           |       |       |       |     1 |     3 ||     4
 Abil: Dig               |     2 |       |     3 |     4 |     6 ||    15
Evoke: Wand              |       |       |       |     3 |     1 ||     4
  Use: Potion            |       |       |     1 |     5 |     1 ||     7
       Scroll            |       |       |    19 |     5 |     3 ||    27
 Stab: Paralysed         |       |     1 |       |     1 |     3 ||     5
       Invisible         |       |     1 |       |       |       ||     1
       Confused          |       |       |       |     2 |     1 ||     3
Armor: Scale mail        |    23 |       |       |       |       ||    23
       Chain mail        |    17 |   103 |   159 |   207 |       ||   486
       Gold dragon scale |       |       |       |    47 |   343 ||   390
Dodge: Dodged            |    27 |    39 |    77 |   126 |    85 ||   354
Block: Kite shield       |    37 |    94 |   190 |   309 |   299 ||   929
       Buckler           |     1 |       |       |       |       ||     1
